 Dungeon Crawl Stone Soup version 0.24-a0-170-gd8427f5 (console) character file.

Game seed: 15096057540276633918

1029 Duffy the Ruffian (level 8, 0/59 HPs)
             Began as a Pale Draconian Transmuter on Mar 10, 2019.
             Slain by a big kobold
             ... wielding a +0 whip of distortion
              (6 damage)
             ... on level 4 of the Dungeon.
             The game lasted 00:06:57 (5381 turns).

Duffy the Ruffian (Pale Draconian Transmuter)       Turns: 5381, Time: 00:06:57

Health: 0/59       AC:  2    Str: 17    XL:     8   Next: 3%
Magic:  9/11       EV: 19    Int: 18    God:
Gold:   100        SH:  4    Dex: 16    Spells: 5/11 levels left

rFire    . . .     SeeInvis .     - Unarmed
rCold    . . .     Gourm    .   (shield currently unavailable)
rNeg     . . .     Faith    .   (armour unavailable)
rPois    x         Spirit   .   (helmet currently unavailable)
rElec    .         Reflect  +   (cloak currently unavailable)
rCorr    .         Harm     .   (gloves currently unavailable)
MR       .....                  (boots currently unavailable)
Stlth    +.........             n - +4 amulet of reflection
HPRegen  0.19/turn              u - ring of Generosity {Str+3 Int+3}
MPRegen  0.12/turn              (no ring)

@: lethally poisoned (0 -> -6), spider-form (expiring)
A: tiny, (breathe steam), unfitting armour, AC +6
a: End Transformation


You were on level 4 of the Dungeon.
You were not hungry.
You were a venomous arachnid creature.
You visited 1 branch of the dungeon, and saw 4 of its levels.

You collected 317 gold pieces.
You spent 217 gold pieces at shops.

Inventory:

Missiles
 a - 58 arrows
Armour
 b - a +2 pair of boots (melded)
 q - a +0 pair of gloves (melded)
Jewellery
 n - a +4 amulet of reflection (around neck)
 u - the ring of Generosity (left front leg) {Str+3 Int+3}
   (You bought it in a shop on level 4 of the Dungeon)

   [ring of strength]

   It affects your strength (+3).
   It affects your intelligence (+3).
Wands
 v - a wand of paralysis (8)
 x - a wand of flame (6)
Scrolls
 e - 5 scrolls of amnesia {unknown}
 f - 5 scrolls of remove curse {unknown}
 g - 4 scrolls of teleportation {unknown}
 h - 12 scrolls of identify {unknown}
 l - a scroll of fear {unknown}
 m - a scroll of fog {unknown}
 o - a scroll of noise {unknown}
 s - a scroll of random uselessness {unknown}
 t - 3 scrolls of enchant armour {unknown}
Potions
 d - 2 potions of invisibility {unknown}
 i - a potion of heal wounds {unknown}
 j - a potion of brilliance {unknown}
 k - a potion of ambrosia {unknown}
 p - a potion of curing {unknown}
 r - a potion of agility {unknown}
Comestibles
 c - 12 rations


   Skills:
 - Level 1.1 Fighting
 - Level 1.7 Dodging
 + Level 7.9 Unarmed Combat
 - Level 2.0 Spellcasting
 - Level 5.0 Transmutations
 - Level 3.0 Poison Magic


You had 5 spell levels left.
You knew the following spells:

 Your Spells              Type           Power        Failure   Level  Hunger
h - Spider Form           Tmut/Pois      ###.......   26%         3    ###....
j - Sticks to Snakes      Tmut           ###.....     12%         2    ###....
k - Beastly Appendage     Tmut           ###...       9%          1    #......

Your spell library contained the following spells:

 Spells                   Type           Power        Failure   Level  Hunger
 Ice Form                 Ice/Tmut       ##......     75%         4    #####..
 Blade Hands              Tmut           ###.......   75%         5    ######.


Dungeon Overview and Level Annotations

Branches:
Dungeon (4/15)
 Temple: D:4-7

Altars:
Gozag

Shops:
D:4 *


Innate Abilities, Weirdness & Mutations

((You can breathe blasts of scalding, opaque steam.))
((Your pale cyan-grey scales are hard. (AC +6)))
You cannot fit into any form of body armour.
((You are cold-blooded and may be slowed by cold attacks.))


Message History

You bite the big kobold!
The big kobold looks as sick as possible!
The big kobold is severely wounded.
You feel sick. The big kobold closely misses you.
You barely miss the big kobold.
The big kobold is severely wounded.
You closely miss the big kobold.
The big kobold is almost dead.
You feel sick. You block the big kobold's attack.
You completely miss the big kobold.
The big kobold is almost dead.
Your transformation is almost over.
You feel sick.
You kill the big kobold!
You have reached level 8!
You feel stronger.
You closely miss the big kobold.
You feel sick.
The big kobold hits you with a +0 whip of distortion.
Space bends around you.
You die...

######## #.......
#.###### #.......
######..##### ####
#....#.......
#..#####...#.######
#s##P}P##..#.##....
#K#K....##.#.##....
##KK.###.!#.#.##.[..
#.KK..(..(#.'.......
#..'.###..#.#>......
#..#.....##.#.##....
#..##P}P##..#)##....
#...#####...')##....
#...................


You could see a big kobold and 5 kobolds.

Vanquished Creatures
  The ghost of Ratty the Tormented, an amateur DENe of Kikubaaqudgha (D:4)
  Menkaure (D:4)
  Duvessa (D:4)
  A big kobold (D:4)
  Dowan (D:4)
  A scorpion (D:4)
  A crimson imp (D:4)
  A gnoll shaman (D:4)
  An orc priest (D:3)
  A centaur skeleton (D:3)
  5 orc wizards
  2 worker ants (D:4)
  Robin (D:1)
  3 gnolls (D:4)
  4 adders
  2 oozes
  3 worms
  A dart slug (D:1)
  3 leopard geckos (D:2)
  10 orcs
  2 ball pythons (D:1)
  4 giant cockroaches
  6 hobgoblins
  15 jackals
  6 kobolds
  A quokka (D:3)
  8 bats
  6 frilled lizards
  14 goblins
  5 rats
111 creatures vanquished.

Vanquished Creatures (others)
  4 toadstools (D:3)
4 creatures vanquished.

Grand Total: 115 creatures vanquished

Notes
Turn   | Place    | Note
-------+----------+-------------------------------------------
     0 | D:1      | Duffy the Draconian Transmuter began the quest for the Orb.
     0 | D:1      | Reached XP level 1. HP: 16/16 MP: 3/3
   194 | D:1      | Reached XP level 2. HP: 23/23 MP: 3/5
  1176 | D:1      | Reached XP level 3. HP: 28/28 MP: 4/6
  1279 | D:1      | Learned a level 2 spell: Sticks to Snakes
  1283 | D:1      | Learned a level 3 spell: Spider Form
  1752 | D:2      | Noticed Robin
  1993 | D:1      | Killed Robin
  1993 | D:1      | Reached skill level 1 in Poison Magic
  2102 | D:2      | Reached XP level 4. HP: 34/35 MP: 5/7
  2250 | D:2      | Reached skill level 4 in Unarmed Combat
  3024 | D:3      | Reached XP level 5. HP: 4/40 MP: 5/8
  4048 | D:4      | Reached XP level 6. HP: 47/47 MP: 5/9
  4150 | D:4      | Found an opulent altar of Gozag.
  4238 | D:4      | Reached skill level 5 in Unarmed Combat
  4453 | D:4      | Found Gopyuwasche's Assorted Antiques.
  4460 | D:4      | Bought a scroll labeled WASUEPR FUINU for 22 gold pieces
  4460 | D:4      | Bought a smoky amethyst potion for 19 gold pieces
  4460 | D:4      | Bought a scroll labeled NOPLAARA PONA for 22 gold pieces
  4460 | D:4      | Bought a scroll labeled ILIHEG HIOGOFUNO for 22 gold pieces
  4460 | D:4      | Bought a scroll labeled TISCHUO UQUEKK for 22 gold pieces
  4460 | D:4      | Bought a heavily runed bronze ring for 110 gold pieces
  4460 | D:4      | Identified the ring of Generosity {Str+3 Int+3} (You bought
                  | it in a shop on level 4 of the Dungeon)
  4548 | D:4      | Noticed Menkaure
  4574 | D:4      | Killed Menkaure
  4574 | D:4      | Reached skill level 5 in Transmutations
  4574 | D:4      | Your scales start taking on a pale cyan-grey colour.
  4574 | D:4      | Reached XP level 7. HP: 14/52 MP: 7/10
  4943 | D:4      | Reached skill level 6 in Unarmed Combat
  5079 | D:4      | Noticed Dowan
  5081 | D:4      | Noticed Duvessa
  5092 | D:4      | Killed Duvessa
  5099 | D:4      | Killed Dowan
  5099 | D:4      | Reached skill level 7 in Unarmed Combat
  5350 | D:4      | Found a runed translucent gate.
  5350 | D:4      | Found a runed translucent gate.
  5350 | D:4      | Found a runed translucent gate.
  5351 | D:4      | Identified the cursed +2 whip "Wad Faith" {venom, Int+6}
  5352 | D:4      | Noticed Ratty's ghost (amateur DENe)
  5372 | D:4      | Killed Ratty's ghost
  5380 | D:4      | Reached XP level 8. HP: 12/59 MP: 9/11
  5381 | D:4      | Slain by a big kobold

Levels and vault maps discovered:
D:1:      lightli_arrival_lavapool, layout_basic
D:2:      layout_loops_ring, first_ration, minmay_cut_off, uniq_robin
D:3:      layout_basic, grunt_ministairs_10, minmay_gold_behind_fungi
D:4:      minmay_chambers_of_twos, layout_basic, nicolae_gozag_seed_capital,
          gammafunk_ghost_nasty_kobolds, serial_shops, nicolae_shop_crystal,
          uniq_duvessa, uniq_menkaure

Skill      XL: |  1  2  3  4  5  6  7 |
---------------+----------------------+-----
Transmutations | 3 4 5 |  5.0
Poison Magic   | 1 2 3 |  3.0
Unarmed Combat | 4 5 7 |  7.9
Fighting       | |  1.1
Dodging        | |  1.7
Spellcasting   | |  2.0

Action                   |  1- 3 |  4- 6 |  7- 9 || total
-------------------------+-------+-------+-------++-------
Melee: Unarmed           |   148 |   182 |    70 ||   400
       Tailslap          |    18 |     3 |     3 ||    24
       Headbutt          |    11 |     6 |       ||    17
       Punch             |     2 |     1 |       ||     3
 Cast: Beastly Appendage |    27 |     9 |       ||    36
       Spider Form       |     1 |    12 |     5 ||    18
       Sticks to Snakes  |     1 |       |       ||     1
 Abil: Breathe Steam     |       |       |     5 ||     5
       End Transformatio |       |       |     1 ||     1
 Stab: Sleeping          |     2 |       |       ||     2
  Eat: Chunk             |     5 |     9 |     4 ||    18
Armor: Skin              |    49 |    38 |    16 ||   103
Dodge: Dodged            |    93 |    92 |    28 ||   213
Block: Other             |     5 |    32 |     9 ||    46
       Reflection        |     1 |       |       ||     1

Table legend:
 A = Non-vault XP
 B = Vault XP
 C = Vault XP percentage of total XP
 D = Non-vault monster count
 E = Vault monster count
 F = Vault count percentage of total count
                 A         B        C        D         E       F
            +---------+---------+-------+---------+---------+-------
      Total |     700 |     771 |  52.4 |      92 |      19 |  17.1
            +---------+---------+-------+---------+---------+-------
        D:1 |      47 |      17 |  26.6 |      25 |       2 |   7.4
        D:2 |      41 |      34 |  45.3 |      19 |      11 |  36.7
        D:3 |     223 |      13 |   5.5 |      25 |       1 |   3.8
        D:4 |     389 |     707 |  64.5 |      23 |       5 |  17.9
            +---------+---------+-------+---------+---------+-------
